Map: [ESL] Oceanborn

Players

Spirit - Winner!

  • Race: Terran Terran
  • Spawn Location: 11:00

Clem

  • Race: Terran Terran
  • Spawn Location: 5:00

Event: ESL SC2 Masters 2024 Spring (Regional)

VOD

Have the link to the VOD?

Description

Time

  • Played on: May 3, 2024, 12:38 p.m.
  • Length: 10:35

All games in this series

Show
View Real Time Build Order
Export as new Build Order

Spirit Terran - Winner!

Build Orders:  

Get SALT Encoding   

  12  0:00  SCV  
  13  0:12  SCV  
  14  0:17  Supply Depot  
  14  0:24  SCV  
  15  0:38  SCV  
  15  0:40  Barracks  
  16  0:43  Refinery  
  16  0:50  SCV  
  16  0:52  Refinery  
  17  1:02  SCV  
  18  1:15  SCV  
  19  1:26  Reaper  
  19  1:27  Orbital Command  
  19  1:32  Supply Depot  
  20  1:41  Factory  
  20  1:52  SCV  
  21  1:59  Barracks Reactor  
  21  2:05  SCV  
  22  2:17  SCV, Command Center  
  23  2:24  Hellion  
  23  2:29  SCV  
  26  2:33  Supply Depot  
  26  2:35  Reaper x2  
  28  2:41  SCV  
  29  2:46  Hellion  
  31  2:53  Starport  
  31  2:54  SCV  
  32  3:06  SCV  
  33  3:17  Cyclone x2  
  33  3:19  SCV  
  38  3:28  Orbital Command  
  38  3:30  Refinery  
  38  3:31  SCV  
  38  3:32  Medivac  
  41  3:35  Barracks Tech Lab  
  41  3:44  SCV  
  41  3:48  Supply Depot  
  42  3:49  Cyclone  
  42  3:52  Cyclone  
  42  3:54  SCV  
  47  3:57  SCV  
  48  4:07  SCV  
  48  4:09  SCV  
  49  4:19  SCV  
  49  4:21  SCV, Cyclone  
  49  4:24  Cyclone  
  49  4:31  SCV  
  48  4:33  SCV  
  49  4:41  Barracks Tech Lab  
  49  4:43  SCV, Raven  
  49  4:44  Interference Matrix  
  49  4:45  SCV  
  53  4:47  Supply Depot  
  53  4:55  SCV  
  53  4:56  Command Center  
  53  4:57  SCV  
  55  5:04  Supply Depot  
  55  5:07  SCV  
  55  5:09  SCV  
  55  5:10  Siege Tank, Marine x2  
  62  5:17  Supply Depot  
  62  5:18  Raven  
  62  5:19  SCV  
  65  5:21  SCV  
  65  5:25  Supply Depot  
  65  5:28  Marine x2  
  67  5:31  SCV  
  67  5:33  SCV  
  70  5:35  Barracks  
  70  5:38  Barracks  
  70  5:42  Siege Tank  
  73  5:43  SCV  
  73  5:46  SCV  
  73  5:49  Refinery  
  75  5:55  SCV  
  77  5:58  Engineering Bay  
  77  5:59  Engineering Bay  
  77  6:00  SCV  
  77  6:04  Starport Reactor  
  77  6:09  Orbital Command  
  77  6:12  SCV  
  77  6:13  SCV, Marine  
  77  6:14  Siege Tank  
  77  6:17  Stimpack  
  83  6:24  SCV  
  84  6:26  SCV, Barracks Reactor, Supply Depot  
  84  6:31  Marine  
  82  6:36  SCV  
  82  6:38  SCV  
  84  6:46  Siege Tank  
  76  6:48  Marine  
  76  6:51  SCV  
  73  6:56  SCV  
  73  7:00  Medivac x2  
  77  7:04  Marine  
  77  7:05  Marine x3  
  77  7:06  Marine  
  77  7:07  Barracks  
  77  7:08  Barracks  
  80  7:14  SCV  
  81  7:16  SCV  
  81  7:21  Terran Infantry Weapons Level 1, Terran Infantry Armor Level 1  
  81  7:22  Marine  
  79  7:23  Marine x2  
  79  7:24  Marine  
  79  7:25  SCV  
  79  7:26  Marine  
  85  7:31  SCV x2  
  90  7:40  Marine  
  90  7:41  Marine x2  
  90  7:42  Marine  
  95  7:44  Marine  
  95  7:50  SCV  
  96  7:52  SCV  
  96  7:54  Medivac, Armory  
  96  7:55  Medivac  
  96  7:56  Supply Depot  
  96  7:58  Barracks Reactor, Marine  
  101  8:02  Combat Shield, Marine  
  101  8:05  Marine x4  
  100  8:06  SCV  
  100  8:10  Orbital Command  
  103  8:13  Siege Tank  
  103  8:16  SCV, Marine  
  103  8:19  SCV  
  109  8:20  Marine  
  109  8:23  Supply Depot, Marine x4  
  114  8:34  Marine  
  114  8:37  Marine  
  114  8:38  Marine  
  114  8:39  Supply Depot  
  114  8:40  Supply Depot  
  114  8:41  Marine x4  
  116  8:43  Marine  
  116  8:46  SCV  
  114  8:51  Marine  
  114  8:55  SCV x2, Marine  
  112  8:56  Marine  
  112  8:59  Marine x3  
  112  9:01  Marine  
  117  9:04  Marine  
  117  9:06  SCV  
  117  9:09  Marine  
  120  9:10  SCV x2  
  120  9:13  Marine  
  118  9:17  Marine  
  118  9:19  SCV, Marine  
  118  9:21  Marine  
  118  9:22  Marine  
  120  9:27  Marine  
  120  9:29  Marine  
  120  9:31  Marine x2  
  114  9:35  Marine, Viking  
  114  9:37  Marine  
  117  9:39  Marine  
  117  9:40  Siege Tank, Marine  
  122  9:45  Marine  
  122  9:47  Marine  
  122  9:49  Marine x2  
  126  9:53  Marine  
  126  9:55  Marine  
  126  9:57  Marine  
  126  9:58  Marine  
  129  10:03  Marine  
  129  10:05  Marine  
  129  10:07  Marine x2  
  131  10:10  Marine  
  131  10:13  Marine  
  135  10:14  Marine  
  135  10:16  Marine  
Show
View Real Time Build Order
Export as new Build Order

Clem Terran 

Build Orders: Cyclone Opening 

Get SALT Encoding   

  12  0:00  SCV  
  13  0:12  SCV  
  14  0:16  Supply Depot  
  14  0:24  SCV  
  15  0:38  SCV  
  15  0:39  Barracks  
  15  0:42  Refinery  
  16  0:50  SCV  
  16  0:52  Refinery  
  17  1:02  SCV  
  18  1:14  SCV  
  19  1:26  Orbital Command, Reaper  
  19  1:29  Supply Depot  
  20  1:40  Factory  
  20  1:52  SCV  
  21  1:58  Reaper  
  22  2:04  SCV  
  23  2:14  Command Center  
  23  2:19  SCV  
  24  2:24  Cyclone  
  26  2:31  SCV  
  27  2:39  Starport  
  27  2:43  SCV  
  28  2:45  Supply Depot  
  28  2:48  Barracks Reactor  
  28  2:55  SCV  
  28  2:58  Cyclone  
  31  3:07  SCV  
  32  3:16  Medivac, Refinery  
  32  3:19  SCV  
  35  3:26  Orbital Command  
  35  3:30  Barracks Tech Lab  
  35  3:31  SCV  
  36  3:41  Cyclone x2  
  36  3:44  SCV  
  41  3:52  SCV  
  41  3:54  Barracks Tech Lab  
  41  3:55  Supply Depot  
  42  3:56  SCV  
  42  4:02  Raven  
  45  4:04  SCV  
  45  4:08  SCV  
  44  4:13  Cyclone  
  44  4:17  SCV  
  44  4:20  SCV  
  44  4:21  Marine  
  46  4:29  SCV  
  46  4:32  SCV, Cyclone  
  46  4:34  Supply Depot  
  48  4:39  Raven  
  48  4:41  SCV  
  48  4:44  SCV  
  52  4:52  Cyclone  
  54  4:53  SCV  
  54  4:56  SCV  
  56  5:01  Marine  
  56  5:04  Cyclone  
  56  5:05  SCV, Supply Depot  
  60  5:08  SCV  
  61  5:17  SCV  
  61  5:18  Interference Matrix  
  61  5:20  SCV  
  61  5:21  Raven  
  65  5:28  Command Center  
  65  5:30  SCV  
  65  5:32  SCV  
  68  5:41  Supply Depot  
  68  5:42  SCV  
  68  5:43  Refinery  
  68  5:45  SCV, Siege Tank, Marine x2  
  74  5:54  SCV  
  74  5:57  SCV, Barracks  
  76  5:58  Barracks  
  76  6:06  SCV, Supply Depot  
  76  6:09  SCV  
  80  6:17  Siege Tank  
  79  6:18  SCV  
  79  6:21  SCV  
  77  6:27  Starport Reactor  
  77  6:29  Marine  
  77  6:30  SCV  
  77  6:33  SCV  
  78  6:43  SCV  
  78  6:45  SCV  
  77  6:47  Barracks Reactor, Marine  
  77  6:48  Stimpack, Orbital Command  
  77  6:50  Siege Tank  
  80  6:55  SCV  
  80  6:57  SCV  
  78  7:04  Engineering Bay, Marine x2  
  78  7:05  Engineering Bay, Marine  
  78  7:07  SCV  
  82  7:09  Liberator  
  82  7:15  SCV  
  86  7:16  SCV  
  86  7:19  SCV  
  86  7:22  Cyclone, Marine x2  
  92  7:24  Supply Depot  
  92  7:25  Marine x3  
  92  7:26  Orbital Command  
  95  7:30  SCV  
  95  7:31  SCV  
  95  7:35  Terran Infantry Weapons Level 1, Terran Infantry Armor Level 1  
  97  7:42  Barracks  
  97  7:43  Barracks  
  97  7:45  SCV x2  
  97  7:51  Supply Depot  
  99  7:52  SCV  
  99  7:55  Siege Tank  
  99  7:57  SCV  
  104  8:01  Medivac x2  
  104  8:03  SCV  
  104  8:04  SCV  
  104  8:05  Supply Depot, Marine x2  
  111  8:07  Marine  
  111  8:08  Marine  
  111  8:09  Marine  
  115  8:17  Supply Depot  
  115  8:22  SCV x2, Factory  
  115  8:23  Marine  
  115  8:25  SCV  
  115  8:26  Marine  
  120  8:27  Combat Shield, Supply Depot, Refinery x2, Marine  
  120  8:29  Marine  
  120  8:30  Barracks Reactor x2  
  120  8:33  Siege Tank  
  125  8:35  SCV  
  125  8:36  Marine  
  125  8:38  SCV  
  125  8:41  SCV, Marine  
  129  8:44  Marine  
  129  8:46  Marine  
  129  8:47  SCV  
  113  8:50  SCV  
  113  8:52  Medivac  
  113  8:53  SCV, Marine  
  113  8:54  Marine  
  113  8:58  Marine  
  113  8:59  SCV  
  113  9:02  SCV, Marine  
  117  9:04  Marine  
  117  9:05  SCV  
  117  9:09  Marine  
  111  9:10  Sensor Tower  
  111  9:11  SCV, Marine  
  111  9:14  Marine x4  
  111  9:16  Marine  
  118  9:19  Marine  
  118  9:21  Supply Depot  
  118  9:22  SCV x2, Marine  
  118  9:26  Marine  
  118  9:28  Marine  
  118  9:29  SCV  
  112  9:32  Marine x2  
  112  9:33  Marine  
  112  9:34  SCV x2  
  112  9:36  Marine x2  
  115  9:39  Siege Tank  
  115  9:41  Marine  
  115  9:42  Marine  
  115  9:44  SCV, Marine  
  122  9:46  Marine  
  122  9:49  SCV  
  122  9:50  Marine  
  125  9:53  SCV, Marine  
  125  9:54  Armory, Marine  
  125  9:55  Marine x2  
  125  9:56  SCV  
  125  9:58  Marine  
  125  9:59  Marine  
  132  10:00  Medivac  
  132  10:01  SCV  
  132  10:02  Marine  
  132  10:04  Marine  
  131  10:07  Marine  
  131  10:11  SCV, Marine  
  131  10:12  SCV, Marine x2  
  131  10:13  SCV  
Tags
 
Add a new tag
Caveats
  • Supply blocks, unpowered buildings, or Contaminate may cause inaccurate times.
  • Supply counts are checked every 10 seconds.